 Dungeon Crawl Stone Soup version 0.23.0-3-gf3c87f2 (console) character file.

Game seed: 7979843791942288705

546 erker the Chiller (level 7, -3/46 HPs)
             Began as a Vampire Enchanter on Feb 22, 2019.
             Slain by Prince Ribbit (20 damage)
             ... on level 5 of the Dungeon.
             The game lasted 00:13:26 (3868 turns).

erker the Chiller (Vampire Enchanter)               Turns: 3868, Time: 00:13:27

Health: -3/46      AC:  0    Str:  7    XL:     7   Next: 6%
Magic:  0/11       EV: 20    Int: 20    God:
Gold:   176        SH:  0    Dex: 19    Spells: 5/11 levels left

rFire    . . .     SeeInvis +   (weapon currently unavailable)
rCold    + . .     Gourm    .   (shield currently unavailable)
rNeg     + + .     Faith    .   (armour currently unavailable)
rPois    +         Spirit   .   (helmet currently unavailable)
rElec    .         Reflect  .   (cloak currently unavailable)
rCorr    .         Harm     .   (gloves currently unavailable)
MR       .....                  (boots currently unavailable)
Stlth    +++++.....             c - amulet of magic regeneration
HPRegen  0.07/turn              (ring currently unavailable)
MPRegen  0.37/turn              (ring currently unavailable)

@: bat-form, flying, regenerating slowly, very quick
A: tiny, rotting body, fangs 3, see invisible
a: End Transformation


You were on level 5 of the Dungeon.
You were very thirsty.
You were in vampire-bat-form.
You visited 1 branch of the dungeon, and saw 5 of its levels.

You collected 176 gold pieces.

Inventory:

Hand Weapons
 a - a +2 dagger of protection (melded)
Missiles
 u - 8 javelins (quivered)
 x - a throwing net
Armour
 b - a +0 robe (melded)
Jewellery
 c - an amulet of magic regeneration (around neck)
Scrolls
 d - a scroll of random uselessness {unknown}
 e - 3 scrolls of remove curse {unknown}
 g - 8 scrolls of identify {unknown}
 i - a scroll of blinking {unknown}
 j - 2 scrolls of magic mapping {unknown}
 l - 3 scrolls of teleportation {unknown}
 o - a scroll of fog {unknown}
 p - 3 scrolls of enchant weapon {unknown}
 s - a scroll of enchant armour {unknown}
 y - a scroll of immolation {unknown}
Potions
 f - 3 potions of magic {unknown}
 h - a potion of curing {unknown}
 k - 2 potions of agility {unknown}
 m - a potion of might {unknown}
 n - a potion of degeneration {unknown}
 q - 18 potions of blood
 r - a potion of invisibility {unknown}
 t - a potion of heal wounds {unknown}
 v - a potion of mutation {unknown}
 w - a potion of haste {unknown}
 z - 2 potions of cancellation {unknown}


   Skills:
 * Level 1.6 Short Blades
 + Level 2.3 Dodging
 + Level 4.4 Stealth
 + Level 2.8 Spellcasting
 + Level 5.4 Hexes
 * Level 6.4 Ice Magic


You had 5 spell levels left.
You knew the following spells:

 Your Spells              Type           Power        Failure   Level  Hunger
a - Corona                Hex            ###....      1%          1    None
c - Confuse               Hex            ###.....     4%          3    ###....
z - Ensorcelled Hibernat  Hex/Ice        ####..       1%          2    ##.....

Your spell library contained the following spells:

 Spells                   Type           Power        Failure   Level  Hunger
 Tukima's Dance           Hex            ###.....     4%          3    ###....
 Dazzling Spray           Conj/Hex       ##....       14%         3    ###....


Dungeon Overview and Level Annotations

Branches:
Dungeon (5/15)
 Temple: D:4-7

Altars:

Annotations:
D:5 Prince Ribbit


Innate Abilities, Weirdness & Mutations

Your body is rotting away.
You thrive on raw meat.
You heal slowly.
You have razor-sharp teeth.
You have supernaturally acute eyesight. (SInv)
((You can survive without breathing.))


Message History

Aim: Prince Ribbit (chance to defeat MR: 36%) Prince Ribbit easily resists.
Prince Ribbit barely misses you.
Casting: Confuse (safe; 4% risk of failure)
Confirm with . or Enter, or press ? or * to list all spells.
Aiming: Confuse (safe; 4% risk of failure)
Press: ? - help, Shift-Dir - straight line, f/p - Prince Ribbit
Aim: Prince Ribbit (chance to defeat MR: 36%) Prince Ribbit easily resists.
Prince Ribbit blinks! x2
Casting: Confuse (safe; 4% risk of failure)
Confirm with . or Enter, or press ? or * to list all spells.
Aiming: Confuse (safe; 4% risk of failure)
Press: ? - help, Shift-Dir - straight line, f/p - Prince Ribbit
Aim: Prince Ribbit (chance to defeat MR: 36%) Prince Ribbit easily resists.
Prince Ribbit hits you!!
You turn into a vampire bat.
Your +2 dagger of protection melds into your body.
Your +0 robe melds into your body.
Your +2 dagger of protection goes still.
Prince Ribbit hits you!!
You die...

#.# #
.######.###.#
............#
#######.#####
##.#.#
###.###.#
#..## ###
#.###.#F###.#
..ยง....b.#.##
.########<##
###


You could see Prince Ribbit.

Vanquished Creatures
  A phantom (D:4)
  A bullfrog (D:2)
  A hound (D:4)
  3 orc priests
  An orc wizard (D:4)
  Jessica (D:3)
  4 worker ants (D:4)
  4 adders
  A worm (D:3)
  2 dart slugs (D:1)
  3 leopard geckos
  7 orcs
  A giant cockroach (D:1)
  7 goblins
  6 hobgoblins
  7 jackals (D:3)
  7 kobolds
  4 quokkas
  A ball python (D:2)
  6 bats
  9 frilled lizards
  8 rats
85 creatures vanquished.

Notes
Turn   | Place    | Note
-------+----------+-------------------------------------------
     0 | D:1      | erker the Vampire Enchanter began the quest for the Orb.
     0 | D:1      | Reached XP level 1. HP: 13/13 MP: 3/3
   170 | D:1      | Reached skill level 5 in Hexes
   216 | D:1      | Reached XP level 2. HP: 17/19 MP: 5/5
   253 | D:1      | Learned a level 2 spell: Ensorcelled Hibernation
   388 | D:1      | Reached skill level 1 in Ice Magic
   572 | D:1      | Reached XP level 3. HP: 19/24 MP: 3/6
   911 | D:2      | Noticed a bullfrog
   940 | D:2      | Learned a level 3 spell: Confuse
   971 | D:2      | Reached skill level 2 in Ice Magic
   979 | D:2      | Killed a bullfrog
   979 | D:2      | Reached skill level 3 in Ice Magic
   979 | D:2      | Reached XP level 4. HP: 24/30 MP: 5/7
  1711 | D:3      | Reached skill level 4 in Ice Magic
  1759 | D:3      | Reached XP level 5. HP: 35/35 MP: 3/8
  2094 | D:3      | Reached skill level 5 in Ice Magic
  2223 | D:3      | Noticed Jessica
  2228 | D:3      | Killed Jessica
  2502 | D:4      | Reached XP level 6. HP: 30/41 MP: 5/9
  2806 | D:4      | Reached skill level 6 in Ice Magic
  2855 | D:4      | Reached XP level 7. HP: 46/46 MP: 6/11
  3052 | D:5      | Entered Level 5 of the Dungeon
  3066 | D:5      | Noticed Prince Ribbit
  3868 | D:5      | Slain by Prince Ribbit

Skill      XL: |  1  2  3  4  5  6 |
---------------+-------------------+-----
Hexes          | 5 |  5.4
Ice Magic      | 1 3 4 5 6 |  6.4
Short Blades   | |  1.6
Dodging        | |  2.3
Stealth        | |  4.4
Spellcasting   | |  2.8

Action                   |  1- 3 |  4- 6 |  7- 9 || total
-------------------------+-------+-------+-------++-------
Melee: Dagger            |    69 |   138 |    18 ||   225
       Bite              |     3 |     9 |     1 ||    13
Throw: Javelin           |       |     2 |       ||     2
 Cast: Corona            |     8 |       |       ||     8
       Ensorcelled Hiber |     9 |    40 |    14 ||    63
       Confuse           |       |    10 |     4 ||    14
 Abil: Bat Form          |       |       |     3 ||     3
       End Transformatio |       |       |     2 ||     2
  Use: Potion            |       |       |     3 ||     3
 Stab: Sleeping          |    18 |    36 |     2 ||    56
       Confused          |       |     5 |       ||     5
       Distracted        |       |     1 |       ||     1
Armor: Robe              |    10 |    17 |     1 ||    28
Dodge: Dodged            |    39 |    74 |    19 ||   132
